 Dungeon Crawl Stone Soup version 0.31.0-11-ge490571c62 (webtiles) character file.

Game seed: 9585159811537750297

18 Aldia the Shooter (level 2, -8/23 HPs)
             Began as a Formicid Hunter on Feb 7, 2024.
             Engulfed by a cloud of flame (13 damage)
             ... on level 1 of the Dungeon.
             The game lasted 00:02:04 (455 turns).

Aldia the Shooter (Formicid Hunter)                  Turns: 455, Time: 00:02:04

Health: -8/23      AC:  4    Str: 15    XL:     2   Next: 85%
Magic:  2/2        EV: 12    Int:  8    God:
Gold:   30         SH:  0    Dex: 17    Spells: 1/1 levels left

rFire   . . .        a - +0 shortbow
rCold   . . .        (no shield)
rNeg    . . .        c - +0 leather armour
rPois   .            (helmet unavailable)
rElec   .            e - +0 cloak
rCorr   .            (no gloves)
SInv    +            (no boots)
Will    .....        (no amulet)
Stlth   ++           (no ring)
HPRegen 0.23/turn    (no ring)
MPRegen 0.08/turn

%: no passive effects
@: no status effects
A: permanent stasis, dig shafts and tunnels, antennae 3, four strong arms
a: Dig, Shaft Self


You were on level 1 of the Dungeon.
You visited 1 branch of the dungeon, and saw 1 of its levels.

You collected 30 gold pieces.

Inventory:

Hand Weapons
 a - a +0 shortbow (weapon)
Armour
 c - a +0 leather armour (worn)
 e - a +0 cloak (worn)
Scrolls
 b - a scroll of butterflies
 f - a scroll of vulnerability {unknown}
 g - a scroll of amnesia {unknown}
 h - a scroll of enchant weapon {unknown}
 i - a scroll of identify {unknown}
Potions
 d - 4 potions of curing {unknown}


   Skills:
 + Level 2.4 Fighting
 * Level 4.3 Ranged Weapons
 + Level 0.7 Armour
 + Level 2.0 Dodging
 - Level 1.2 Stealth


You had one spell level left.
You didn't know any spells.
Your spell library contained the following spells:

 Spells                   Type           Power      Damage    Failure   Level
 Cause Fear               Hex            0%         N/A       99%         4
 Fireball                 Conj/Fire      0%         3d3       100%        5
 Dragon's Call            Summ           0%         N/A       100%        9


Dungeon Overview and Level Annotations

Branches:
Dungeon (1/15)

Altars:


Innate Abilities, Weirdness & Mutations

You cannot be hasted, slowed, berserked, paralysed or teleported.
You can dig through walls and to a lower floor.
You have a pair of large antennae on your head. (SInv)
Your four strong arms can wield two-handed weapons with a shield.


Message History

The arrow hits the bat but does no damage.
The bat hits you but does no damage.
You shoot an arrow. The arrow hits the bat!
You kill the bat!
No target in view!
No target in view!
You now have 30 gold pieces (gained 6).
d - 4 metallic grey potions (gained 1)
i - a scroll labelled TOCOONTA OPEE You sense a monster nearby.
A kobold comes into view.
It is wielding a +1 short sword of venom.
Found a beast talisman.
You shoot an arrow. The arrow hits the kobold.
The kobold shouts!
The kobold is severely wounded.
You hear a loud squeak.
An endoplasm comes into view.
You shoot an arrow. The arrow hits the kobold!
You kill the kobold!
A rat comes into view.
You shoot an arrow. The arrow hits the endoplasm.
The endoplasm is almost dead.
The endoplasm is engulfed in blazing flames.
The endoplasm dies!
You shoot an arrow. The arrow hits the rat.
You kill the rat!
No target in view!
No target in view!
No target in view!
Found a scroll labelled PIZATSOTO TAPU.
Things that are here:
a +1 short sword of venom; a stone; a kobold corpse
Found a club.
Found a sling.
You are engulfed in blazing flames.
Ouch! That really hurt!
* * * LOW HITPOINT WARNING * * *
A kobold comes into view. It is wielding a +0 dagger.
You are engulfed in blazing flames.
Ouch! That really hurt!
You die...

# §# §§# ######...## ###
###.○°°..?)K. ..##
#.).☼@○.:...§ ...#
#.#.○§☼.%.... ♣..#
#.######...## ♣..## #.#
#§§§# ....## #.# #§°§#
♣....#######.## #...#
♣.............### #...####
...###..........#
#.#....####### ..##
#..........###............##


You could see a kobold (wandering).

Vanquished Creatures
  3 endoplasms (D:1)
  A hobgoblin (D:1)
  A quokka (D:1)
  2 ball pythons (D:1)
  3 bats (D:1)
  A frilled lizard (D:1)
  3 kobolds (D:1)
  5 rats (D:1)
19 creatures vanquished.

Vanquished Creatures (others)
  An endoplasm (D:1)
1 creature vanquished.

Grand Total: 20 creatures vanquished

Notes
Turn   | Place    | Note
-------+----------+-------------------------------------------
     0 | D:1      | Aldia the Formicid Hunter began the quest for the Orb.
     0 | D:1      | Reached XP level 1. HP: 16/16 MP: 1/1
   265 | D:1      | Reached XP level 2. HP: 22/23 MP: 2/2
   347 | D:1      | Found a faded altar of an unknown god.
   455 | D:1      | Engulfed by a cloud of flame

Illustrated notes

Levels and vault maps discovered:
D:1:      dpeg_cavernosity, layout_rooms, dreamdust_ecumenical_altar_grove,
          hangedman_decor_slide_cut, lemuel_flame_loot_1

Skill      XL: |  1  2 |
---------------+-------+-----
Dodging        | 2 |  2.0
Fighting       | |  2.4
Ranged Weapons | |  4.3
Armour         | |  0.7
Stealth        | |  1.2

Action                     || total
---------------------------++-------
   Fire: Shortbow          ||    40
 Armour: Leather armour    ||     6
  Dodge: Dodged            ||    17
